 Dungeon Crawl Stone Soup version 0.22.1-1-ga44c0e5 (webtiles) character file.

386 lysyklops the Poker (level 6, 0/49 HPs)
             Began as a Merfolk Gladiator on Sept 26, 2018.
             Slain by an orc wizard
             ... wielding a +0 dagger
              (2 damage)
             ... on level 3 of the Dungeon.
             The game lasted 00:09:45 (2909 turns).

lysyklops the Poker (Merfolk Gladiator)             Turns: 2909, Time: 00:09:45

Health: 0/49       AC:  5    Str: 15    XL:     6   Next: 78%
Magic:  6/6        EV: 16    Int:  8    God:
Gold:   191        SH:  0    Dex: 16    Spells: 5/5 levels left

rFire    . . .     SeeInvis .   a - +0 trident
rCold    . . .     Gourm    .   (no shield)
rNeg     . . .     Faith    .   b - +0 leather armour
rPois    .         Spirit   .   c - +0 helmet
rElec    .         Reflect  .   i - +0 cloak
rCorr    .         Harm     .   (no gloves)
MR       .....                  (no boots)
Stlth    +.........             (no amulet)
HPRegen  0.16/turn              (no ring)
MPRegen  0.10/turn              (no ring)

@: no status effects
A: change form in water, swift swim, stealthy swim
a: no special abilities


You were on level 3 of the Dungeon.
You were not hungry.

You visited 1 branch of the dungeon, and saw 4 of its levels.

You collected 191 gold pieces.

Inventory:

Hand Weapons
 a - a +0 trident (weapon)
Missiles
 d - 3 throwing nets (quivered)
Armour
 b - a +0 leather armour (worn)
 c - a +0 helmet (worn)
 i - a +0 cloak (worn)
Wands
 p - a wand of polymorph (8)
Scrolls
 e - a scroll of enchant armour {unknown}
 h - 6 scrolls of identify {unknown}
 l - 2 scrolls of amnesia {unknown}
 n - a scroll of fog {unknown}
 q - a scroll of remove curse {unknown}
 r - a scroll of fear {unknown}
Potions
 g - 2 potions of brilliance {unknown}
 j - 2 potions of flight {unknown}
 k - 3 potions of curing {unknown}
 m - a potion of lignification {unknown}
 o - a potion of mutation {unknown}
Comestibles
 f - 6 rations


   Skills:
 + Level 4.5 Fighting
 + Level 7.0 Polearms
 - Level 2.5 Throwing
 + Level 6.3 Dodging


You had 5 spell levels left.
You didn't know any spells.
Your spell library was empty.

Dungeon Overview and Level Annotations

Branches:
Dungeon (4/15)
 Temple: D:4-7

Altars:
Gozag
Vehumet
Yredelemnul

Annotations:
D:4 Grinder


Message History

You are too injured to fight recklessly!
You are too injured to fight recklessly!
You closely miss the orc wizard. The orc wizard misses you. x2
You hit the orc wizard.
The orc wizard is lightly wounded.
The orc wizard hits you but does no damage.
You closely miss the orc wizard.
The orc wizard is lightly wounded.
The orc wizard closely misses you.
The orc wizard points at you and mumbles some strange words.
The puff of frost misses you.
You miss the orc wizard.
The orc wizard is lightly wounded.
The orc wizard misses you.
You barely miss the orc wizard.
The orc wizard is lightly wounded.
You feel sick.
You are no longer poisoned.
The orc wizard hits you with a dagger.
You die...

#############
#.).........##
#............#
##............#
......[.......###
.(.###.......)..#
...###.....(..#.#
...##.....###.#o###
...'..(.........@.#
...##.###.######..####
...##.# #.# #.....#
##....###.# #.....#
.......##.# #.....#
##.##.....# #.....#
...##)#.###
#.....###### #####(#.#
###.#........# #.#.#
#........###.#


You could see an orc wizard.

Vanquished Creatures
  A scorpion (D:4)
  A howler monkey (D:4)
  A hound (D:4)
  2 orc wizards
  An iguana (D:3)
  A worker ant (D:4)
  A worker ant zombie (D:3)
  4 gnolls
  3 adders
  2 worms (D:3)
  A dart slug (D:3)
  2 leopard geckos (D:3)
  4 orcs (D:3)
  6 bats
  3 giant cockroaches
  4 goblins
  10 hobgoblins
  4 jackals (D:2)
  14 kobolds
  2 quokkas
  5 frilled lizards
  A quokka skeleton (D:4)
  13 rats
86 creatures vanquished.

Notes
Turn   | Place    | Note
-------+----------+-------------------------------------------
     0 | D:1      | lysyklops the Merfolk Gladiator began the quest for the
                  | Orb.
     0 | D:1      | Reached XP level 1. HP: 16/16 MP: 1/1
   234 | D:1      | Reached XP level 2. HP: 23/23 MP: 2/2
   483 | D:1      | Reached XP level 3. HP: 28/28 MP: 3/3
   763 | D:2      | Reached skill level 5 in Polearms
   890 | D:2      | Found an opulent altar of Gozag.
  1287 | D:3      | Reached XP level 4. HP: 30/35 MP: 4/4
  1495 | D:3      | Reached skill level 5 in Dodging
  1605 | D:3      | Noticed Grinder
  1626 | D:3      | Reached XP level 5. HP: 30/41 MP: 5/5
  2144 | D:3      | Reached skill level 6 in Polearms
  2652 | D:4      | Found a radiant altar of Vehumet.
  2683 | D:4      | Reached XP level 6. HP: 45/48 MP: 6/6
  2814 | D:4      | Found a basalt altar of Yredelemnul.
  2880 | D:4      | Reached skill level 7 in Polearms
  2904 | D:3      | HP: 2/49 [poisoned by an orc]
  2909 | D:3      | HP: 2/49 [poisoned by an orc]
  2909 | D:3      | Slain by an orc wizard

Skill      XL: |  1  2  3  4  5  6 |
---------------+-------------------+-----
Polearms       | 5 6 7 |  7.0
Fighting       | 3 4 |  4.5
Dodging        | 5 6 |  6.3
Throwing       | |  2.5

Action                   |  1- 3 |  4- 6 || total
-------------------------+-------+-------++-------
Melee: Trident           |   134 |   199 ||   333
 Stab: Sleeping          |     2 |       ||     2
  Eat: Chunk             |     1 |     3 ||     4
       Ration            |       |     1 ||     1
Armor: Leather armour    |    31 |    28 ||    59
Dodge: Dodged            |    75 |   106 ||   181
